 Dungeon Crawl Stone Soup version 0.31.0-11-ge490571c62 (webtiles) character file.

Game seed: 1421760397439442399

52 qw the Shooter (level 3, -1/18 HPs)
             Began as a Spriggan Hunter on Feb 5, 2024.
             Killed from afar by Natasha (6 damage)
             ... with a puff of flame
             ... on level 2 of the Dungeon.
             The game lasted 00:00:18 (1334 turns).

qw the Shooter (Spriggan Hunter)                    Turns: 1334, Time: 00:00:18

Health: -1/18      AC:  2    Str:  7    XL:     3   Next: 60%
Magic:  4/4        EV: 19    Int: 10    God:
Gold:   54         SH:  0    Dex: 20    Spells: 2/2 levels left

rFire   . . .        a - +0 shortbow
rCold   . . .        (shield currently unavailable)
rNeg    . . .        c - +0 robe
rPois   .            (helmet restricted)
rElec   .            (no cloak)
rCorr   .            (gloves unavailable)
SInv    +            (boots unavailable)
Will    .....        (no amulet)
Stlth   ++           (no ring)
HPRegen 0.23/turn    (no ring)
MPRegen 0.09/turn

%: no passive effects
@: very quick
A: very small, no large weapons, unfitting armour, see invisible, speed 3
a: no special abilities


You were on level 2 of the Dungeon.
You visited 1 branch of the dungeon, and saw 2 of its levels.

You collected 54 gold pieces.


Innate Abilities, Weirdness & Mutations

You are very small and have problems with some larger weapons.
You are too small for most types of armour.
You have supernaturally acute eyesight. (SInv)
You cover ground extremely quickly. (Speed+++)


   Skills:
 - Level 1.5 Fighting
 + Level 4.8 Ranged Weapons
 - Level 4.0 Dodging
 - Level 1.5 Stealth


You had 2 spell levels left.
You didn't know any spells.
Your spell library was empty.

Inventory:

Hand Weapons
 a - a +0 shortbow (weapon)
Armour
 c - a +0 robe (worn)
Scrolls
 g - 2 scrolls of teleportation {unknown}
 i - a scroll of poison {unknown}
Potions
 b - a potion of mutation {unknown}
 d - a potion of haste {unknown}
 e - a potion of cancellation {unknown}
 f - a potion of heal wounds {unknown}
 h - 2 potions of curing {unknown}

Dungeon Overview and Level Annotations

Branches:
Dungeon (2/15)

Altars:
Kikubaaqudgha

Annotations:
D:2 Natasha


Message History

You kill the bat!
You open the door.
There is an open door here.
You now have 54 gold pieces (gained 10).
Found 4 stones.
Found a stone staircase leading up.
Enter note:
Enter note:
Enter note:
Enter note:
Enter note:
Found a stone staircase leading down.
There is an open door here.
There is an open door here.
Natasha, Servant of Life and Death comes into view.
She is carrying a wand of flame.
You shoot an arrow. The arrow hits Natasha.
Natasha hisses angrily.
Natasha is lightly wounded.
You shoot an arrow. The arrow hits Natasha.
Natasha is moderately wounded.
You shoot an arrow. The arrow misses Natasha.
Natasha zaps a wand.
The puff of flame misses you.
You shoot an arrow. The arrow closely misses Natasha.
You shoot an arrow. The arrow hits Natasha.
Natasha is moderately wounded.
You shoot an arrow. The arrow closely misses Natasha.
Natasha barely misses you.
You shoot an arrow. The arrow closely misses Natasha.
Natasha closely misses you.
Natasha zaps a wand.
The puff of flame hits you!
Ouch! That really hurt!
You shoot an arrow. The arrow closely misses Natasha.
Natasha claws you.
You shoot an arrow. The arrow completely misses Natasha.
Natasha misses you.
You shoot an arrow. The arrow completely misses Natasha.
Natasha completely misses you.
You shoot an arrow. The arrow hits Natasha.
Natasha is moderately wounded.
Natasha zaps a wand.
The puff of flame hits you.
You die...
Natasha begins licking her fur clean.

#....####..........##
......................
#....####..###.#...###
#.....# #..# #.##.##
##.##.# #..###....#
#.##.###..##.....#
#.........##.##..#
####.####........#
#####.# ####.##@h#
......# #.##.......#
.###### #.###.###.#.
.# #.. .# .# ### ## .#
.# ##


You could see Natasha.

Vanquished Creatures
  2 adders (D:2)
  A dart slug (D:1)
  A ribbon worm (D:2)
  2 ball pythons
  A bat (D:2)
  An endoplasm (D:2)
  2 giant cockroaches (D:1)
  2 hobgoblins (D:2)
  8 jackals
  2 frilled lizards
  A kobold (D:1)
  6 rats (D:1)
29 creatures vanquished.

Notes
Turn   | Place    | Note
-------+----------+-------------------------------------------
     0 | D:1      | qw the Spriggan Hunter began the quest for the Orb.
     0 | D:1      | Reached XP level 1. HP: 10/10 MP: 2/2
     0 | D:1      | 0 ||| qw: Version: 0.3-a-160-g6735b56
     0 | D:1      | 0 ||| qw: Game counter: 6184
     0 | D:1      | 0 ||| qw: Melee chars always use a shield: true
     0 | D:1      | 0 ||| qw: God list: Okawaru
     0 | D:1      | 0 ||| qw: Allow faded altars: false
     0 | D:1      | 0 ||| qw: Do Orc after clearing Dungeon:15 true
     0 | D:1      | 0 ||| qw: Do second Lair branch before Depths: true
     0 | D:1      | 0 ||| qw: Lair rune preference: random
     0 | D:1      | 0 ||| qw: Goals: Normal
     0 | D:1      | 0 ||| PLANNING D:1-11
    57 | D:1      | Reached skill level 3 in Dodging
    77 | D:1      | Reached XP level 2. HP: 14/14 MP: 3/3
   547 | D:1      | 547 ||| DROPPING scroll of butterflies.
   652 | D:2      | Reached XP level 3. HP: 18/18 MP: 4/4
   833 | D:2      | Found an ancient bone altar of Kikubaaqudgha.
   923 | D:2      | Found a faded altar of an unknown god.
  1323 | D:2      | Noticed Natasha
  1331 | D:2      | HP: 4/18 [Natasha (4)]
  1334 | D:2      | Killed from afar by Natasha

Levels and vault maps discovered:
D:1:      sevenhm_arrival_forest_fort_large_4, layout_rooms,
          hangedman_abyss_or_decor_stabs
D:2:      layout_loops_corners, basic_altar,
          hellmonk_ecumenical_altar_slurped_away, uniq_natasha

Skill      XL: |  1  2 |
---------------+-------+-----
Dodging        | 3 4 |  4.0
Fighting       | |  1.5
Ranged Weapons | |  4.8
Stealth        | |  1.5

Action                     || total
---------------------------++-------
   Fire: Shortbow          ||    95
 Armour: Robe              ||    15
  Dodge: Dodged            ||    72

Table legend:
 A = Non-vault XP
 B = Vault XP
 C = Vault XP percentage of total XP
 D = Non-vault monster count
 E = Vault monster count
 F = Vault count percentage of total count
                 A         B        C        D         E       F
            +---------+---------+-------+---------+---------+-------
      Total |      73 |       2 |   2.7 |      28 |       1 |   3.4
            +---------+---------+-------+---------+---------+-------
        D:1 |      26 |       0 |   0.0 |      16 |       0 |   0.0
        D:2 |      47 |       2 |   4.1 |      12 |       1 |   7.7
            +---------+---------+-------+---------+---------+-------
